 Dungeon Sprint DCSS version 0.29-a0-870-g2c972031a6 (webtiles) character file.

Game seed: 14373537264040431857

653 mhtbhm the Protected (level 7, -8/51 HPs)
             Began as a Gargoyle Fighter on July 17, 2022.
             Was an Initiate of Okawaru.
             Mangled by an ogre
             ... wielding a +0 giant club
              (28 damage)
             ... while paralysed by a floating eye
             ... in the Dungeon (Sprint VII: "The Pits").
             The game lasted 00:01:04 (483 turns).

mhtbhm the Protected (Gargoyle Fighter)              Turns: 483, Time: 00:01:04

Health: -8/51      AC: 19    Str: 21    XL:     7   Next: 54%
Magic:  8/8        EV:  2    Int:  9    God:    Okawaru [......]
Gold:   0          SH:  0    Dex:  9    Spells: 6/6 levels left

rFire   . . .      SeeInvis .   a - +1 flail (vorpal)
rCold   . . .      Faith    .   c - +0 buckler
rNeg    + . .      Spirit   .   b - +3 chain mail
rPois   ∞          Reflect  .   (no helmet)
rElec   +          Harm     .   (no cloak)
rCorr   .          Rampage  .   (no gloves)
Will    .....      NoTele   +   (no boots)
Stlth   ..........              (no amulet)
HPRegen 0.17/turn               (no ring)
MPRegen 0.11/turn               (no ring)

@: paralysed
A: sickness immunity, AC +4, negative energy resistance 1, electricity
resistance, torment resistance 1, petrification resistance
a: Renounce Religion


You were in the Dungeon.
You worshipped Okawaru.
Okawaru was noncommittal.
You visited 1 branch

Inventory:

Hand Weapons
 a - a +1 vorpal flail (weapon)
Armour
 b - a +3 chain mail (worn)
 c - a +0 buckler (worn)
Scrolls
 j - a scroll of blinking
 k - 5 scrolls of amnesia
Potions
 d - 2 potions of berserk rage
 e - 6 potions of curing
 f - 6 potions of heal wounds
 g - a potion of haste
 h - 4 potions of magic
 i - 2 potions of invisibility


   Skills:
 + Level 9.2 Fighting
 + Level 6.0 Maces & Flails
 + Level 10.2 Armour
 + Level 2.4 Dodging
 + Level 9.6 Shields
 * Level 1.6 Invocations


You had 6 spell levels left.
You didn't know any spells.
Your spell library was empty.

Dungeon Overview and Level Annotations

Branches:
Dungeon (1/1)

Altars:
Ashenzari
Cheibriados
Dithmenos
Elyvilon
Fedhas
Gozag
Hepliaklqana
Kikubaaqudgha
Makhleb
Nemelex Xobeh
Okawaru
Qazlal
Ru
Sif Muna
Trog
Uskayaw
Vehumet
Wu Jian
Xom
Yredelemnul
Zin
The Shining One
Jiyva
Lugonu


Innate Abilities, Weirdness & Mutations

You are immune to sickness and miasma.
Your stone body is resilient. (AC +4)
You are immune to poison.
You resist negative energy. (rN+)
You are resistant to electric shocks. (rElec)
You are resistant to unholy torment.
You are immune to petrification.


Message History

The orc hits you but does no damage.
You barely miss the orc. You block the orc's attack.
The orc hits you with a +0 hand axe.
You barely miss the orc.
The quokka twitches its whiskers.
You block the orc's attack.
You sock the orc!
You kill the orc!
The floating eye gazes piercingly through you!
You suddenly lose the ability to move!
The orc priest mumbles some strange prayers to Beogh against you.
Beogh smites you!
You hear a shout!
The quokka barely misses you.
An orc comes into view. It is wielding a +0 club.
The floating eye seems to glare at you. The quokka bites you.
You can move again.
You hit the quokka but do no damage. You block the quokka's attack.
The floating eye gazes piercingly through you!
You shrug off the repeated paralysis!
The quokka bites you but does no damage.
Unknown command.
You hit the quokka.
You kill the quokka!
Okawaru accepts your kill.
Unknown command.
You hit the ogre.
The ogre is moderately wounded.
The ogre hits you with a +0 giant club.
The floating eye's stare focuses on you.
A worm comes into view.
Unknown command.
You sock the ogre!
The ogre is heavily wounded.
The floating eye gazes piercingly through you!
You suddenly lose the ability to move!
The ogre hits you with a +0 giant club!!
Ouch! That really hurt!
You die...

##########.##.....
#...........'.....
#'#####)#####.....
#.#...#)#[.##.....
#.#...#.#))#####'#
#.#...).#)[##.....
#.##'####))##.....
#.#.†)..#..##.....
#@#.....#'###...<.
#O#........##.....
#G#........##.....
#o###########.....


#oo ###### #ow. #...# #.##. #Go #. You could see an ogre, a worm, a floating
eye, 2 orc priests and 2 orcs.

Vanquished Creatures
  A necromancer (D)
  2 scorpions (D)
  A gnoll (D)
  An adder zombie (D)
  An adder skeleton (D)
  An orc (D)
  An endoplasm (D)
  A goblin (D)
  4 jackals (D)
  2 kobolds (D)
  2 quokkas (D)
  A ball python zombie (D)
  A frilled lizard (D)
  A giant cockroach zombie (D)
20 creatures vanquished.

Notes
Turn   | Place    | Note
-------+----------+-------------------------------------------
     0 | D        | mhtbhm the Gargoyle Fighter began the quest for the Orb.
     0 | D        | Reached XP level 1. HP: 14/14 MP: 1/1
    11 | D        | Noticed a necromancer
    26 | D        | Killed a necromancer
    27 | D        | Reached skill level 5 in Maces & Flails
    27 | D        | Reached skill level 9 in Armour
    27 | D        | Reached skill level 1 in Dodging
    27 | D        | Reached XP level 2. HP: 12/27 MP: 2/2
    27 | D        | Reached XP level 3. HP: 14/31 MP: 3/3
    27 | D        | Reached XP level 4. HP: 16/36 MP: 4/4
    27 | D        | Reached XP level 5. HP: 19/41 MP: 5/5
    27 | D        | Reached XP level 6. HP: 21/46 MP: 6/6
    27 | D        | Reached XP level 7. HP: 23/51 MP: 7/7
   240 | D        | Reached skill level 10 in Armour
   244 | D        | Found a bloodstained altar of Trog.
   244 | D        | Found a shimmering blue altar of Sif Muna.
   244 | D        | Found a viscous altar of Jiyva.
   244 | D        | Found a hazy altar of Hepliaklqana.
   244 | D        | Found an opulent altar of Gozag.
   245 | D        | Found a glowing golden altar of the Shining One.
   245 | D        | Found a glowing silver altar of Zin.
   245 | D        | Found a basalt altar of Yredelemnul.
   245 | D        | Found a shimmering altar of Xom.
   245 | D        | Found an ornate altar of the Wu Jian Council.
   245 | D        | Found a sacrificial altar of Ru.
   245 | D        | Found a stormy altar of Qazlal.
   245 | D        | Found an iron altar of Okawaru.
   245 | D        | Found a sparkling altar of Nemelex Xobeh.
   245 | D        | Found a burning altar of Makhleb.
   245 | D        | Found a blossoming altar of Fedhas.
   245 | D        | Found a white marble altar of Elyvilon.
   245 | D        | Found a shadowy altar of Dithmenos.
   245 | D        | Found a snail-covered altar of Cheibriados.
   247 | D        | Found a radiant altar of Vehumet.
   247 | D        | Found a corrupted altar of Lugonu.
   248 | D        | Found a hide-covered altar of Uskayaw.
   248 | D        | Found an ancient bone altar of Kikubaaqudgha.
   248 | D        | Found a broken altar of Ashenzari.
   255 | D        | Became a worshipper of Warmaster Okawaru
   336 | D        | Reached skill level 1 in Invocations
   477 | D        | Paralysed by a floating eye for 3 turns
   483 | D        | Paralysed by a floating eye for 4 turns
   483 | D        | Mangled by an ogre

Illustrated notes

Levels and vault maps discovered:
D:        pitsprint [storerooms_1, entrance_room_1, metal_vault_6, armoury_1,
          mini_pit_1, grid_room_1, main_hall_1, silver_pit, the_coven_3,
          the_vestibule_1, steel_vault_3, golden_pit, hallway_of_sentries,
          crystal_vault_6, iron_vault_2, final_vault]

Skill      XL: |  1  2  3  4  5  6  7 |
---------------+----------------------+-----
Fighting       | 9 |  9.2
Maces & Flails | 5 6 |  6.0
Armour         | 9 10 | 10.2
Dodging        | 1 2 |  2.4
Shields        | 9 |  9.6
Invocations    | 1 |  1.6

Action                   |  1- 3 |  4- 6 |  7- 9 || total
-------------------------+-------+-------+-------++-------
Melee: Flail             |    13 |       |    30 ||    43
       Mace              |       |       |    27 ||    27
  Use: Potion            |     2 |       |       ||     2
Armor: Scale mail        |    14 |       |    53 ||    67
       Chain mail        |       |       |     2 ||     2
Dodge: Dodged            |    11 |       |    67 ||    78
Block: Buckler           |     6 |       |    32 ||    38

Table legend: (Time is in decaauts)
 A = Elapsed time spent in this place.
 B = Non-inter-level travel time spent in this place.
 C = Inter-level travel time spent in this place.
 D = Time resting spent in this place.
 E = Time spent auto-exploring this place.
 F = Levels seen in this place.
 G = Mean time per level.
                   A        B        C        D        E       F      G
               +--------+--------+--------+--------+--------+-----+--------+
         Total |    503 |    503 |      0 |    240 |     39 |   1 |  503.0 |
       Dungeon |    503 |    503 |      0 |    240 |     39 |   1 |  503.0 |
               +--------+--------+--------+--------+--------+-----+--------+

Top non-repeatable levels by time:
       D: 503 daAuts
